Map: Hecate LE

Players

Replicant - Winner!

  • Race: Terran Terran
  • Spawn Location: 1:00

Couguar

  • Race: Protoss Protoss
  • Spawn Location: 7:00

VOD

Have the link to the VOD?

Description

Time

  • Played on: Nov. 12, 2023, 11:16 a.m.
  • Length: 14:13
Show
View Real Time Build Order
Export as new Build Order

Replicant Terran - Winner!

Build Orders: Cyclone Opening 

Get SALT Encoding   

  12  0:00  SCV  
  13  0:12  SCV  
  14  0:16  Supply Depot  
  14  0:24  SCV  
  15  0:38  SCV  
  15  0:39  Barracks  
  16  0:42  Refinery  
  16  0:50  SCV  
  16  0:52  Refinery  
  17  1:02  SCV  
  18  1:14  SCV  
  19  1:26  Orbital Command, Reaper, Supply Depot  
  20  1:41  Factory  
  20  1:52  SCV  
  21  1:58  Barracks Reactor  
  21  2:05  SCV  
  22  2:15  Command Center  
  22  2:17  SCV  
  23  2:25  Cyclone  
  26  2:30  SCV  
  26  2:38  Armory  
  26  2:42  SCV  
  26  2:43  Marine x2  
  29  2:51  Supply Depot  
  29  2:54  SCV  
  30  2:59  Starport  
  30  3:03  Factory Tech Lab  
  30  3:09  Marine  
  31  3:13  Marine  
  32  3:22  SCV  
  32  3:24  Widow Mine  
  32  3:26  Drilling Claws  
  35  3:36  SCV  
  35  3:38  Marine x2  
  35  3:40  Medivac  
  40  3:45  Widow Mine  
  42  3:49  Orbital Command  
  42  3:51  SCV  
  43  3:58  Supply Depot  
  43  4:02  Marine x2  
  43  4:08  Widow Mine  
  47  4:10  Medivac  
  47  4:15  SCV x2  
  51  4:20  Supply Depot  
  51  4:28  SCV x2  
  51  4:30  Widow Mine  
  54  4:44  Command Center  
  54  4:49  Medivac  
  54  4:50  SCV x2  
  58  5:04  Widow Mine x2  
  58  5:06  SCV x2  
  64  5:09  Bunker  
  64  5:10  Supply Depot  
  64  5:14  Stimpack  
  60  5:16  Marauder  
  60  5:17  Barracks x2  
  62  5:23  SCV x2  
  62  5:26  Starport Reactor  
  64  5:30  Widow Mine x2  
  64  5:35  SCV x2, Supply Depot  
  70  5:48  Marauder  
  72  5:51  SCV x2  
  72  5:54  Widow Mine  
  73  6:05  Barracks Reactor, Barracks Tech Lab  
  73  6:07  Barracks  
  73  6:08  SCV x2  
  73  6:09  Marauder  
  73  6:10  Barracks  
  70  6:15  Refinery  
  70  6:19  Orbital Command  
  70  6:23  SCV x2  
  72  6:27  Engineering Bay  
  72  6:28  Combat Shield  
  72  6:30  Widow Mine, Marine  
  75  6:35  SCV x2  
  77  6:42  Marine x3  
  77  6:46  SCV  
  79  6:47  SCV  
  79  6:48  Marine  
  79  6:49  Refinery  
  79  6:58  SCV  
  79  6:59  Widow Mine x2  
  79  7:00  Marauder  
  79  7:01  Medivac x2  
  88  7:09  Barracks Reactor, Barracks Tech Lab  
  88  7:11  SCV  
  88  7:13  Supply Depot x2  
  88  7:14  Supply Depot  
  89  7:17  Marauder  
  89  7:22  Marauder  
  89  7:23  SCV  
  89  7:26  Marine x2  
  88  7:35  Command Center, Medivac, SCV  
  88  7:36  Medivac  
  93  7:37  Marine  
  93  7:39  Supply Depot  
  93  7:42  Terran Infantry Weapons Level 1  
  93  7:43  Marine x2  
  96  7:45  Marine  
  96  7:47  SCV  
  96  7:49  Concussive Shells  
  98  7:53  Marine x3  
  98  7:56  Marauder  
  101  7:59  SCV  
  101  8:01  Marine  
  101  8:02  Marauder  
  101  8:03  Marine  
  106  8:05  Viking  
  106  8:11  SCV, Marine x3  
  116  8:13  Widow Mine x2  
  116  8:17  Marine  
  116  8:18  Supply Depot, SCV  
  116  8:19  Marauder  
  110  8:21  Supply Depot  
  110  8:24  Missile Turret  
  110  8:25  Missile Turret  
  110  8:26  SCV  
  111  8:30  Marine x3, SCV  
  113  8:38  SCV  
  114  8:43  Widow Mine x2, Marine x2  
  114  8:44  Marauder x2  
  114  8:47  Missile Turret  
  114  8:48  Marine  
  125  8:50  SCV  
  125  8:51  SCV x2  
  128  8:56  Marine x2  
  128  8:59  Supply Depot  
  128  9:01  Marauder, Marine  
  128  9:02  SCV  
  134  9:03  SCV  
  134  9:04  Marine, SCV  
  134  9:05  Widow Mine x2, Marine  
  134  9:09  Supply Depot  
  142  9:11  Ghost Academy  
  142  9:14  SCV  
  142  9:15  SCV  
  142  9:16  Orbital Command, SCV  
  145  9:17  Marine x2  
  145  9:21  Marine  
  145  9:22  Marine  
  145  9:23  Marauder  
  151  9:26  SCV, Widow Mine x2  
  156  9:37  Terran Infantry Armor Level 1  
  146  9:39  Marine x2  
  146  9:40  Marauder x2  
  146  9:44  Marauder  
  146  9:45  Supply Depot, SCV x4  
  155  9:46  Engineering Bay  
  155  9:47  Marine, Widow Mine x2  
  155  9:48  Marine  
  164  9:57  Supply Depot, Marine x2  
  166  10:00  Terran Ship Weapons Level 1  
  166  10:01  Marine, Marauder, Medivac x2  
  166  10:06  Refinery  
  174  10:07  SCV x2  
  174  10:08  SCV, Refinery  
  174  10:11  Widow Mine  
  174  10:12  Marine x2  
  180  10:17  Supply Depot  
  180  10:18  Marine x2  
  180  10:19  Marauder  
  184  10:30  Liberator  
  160  10:44  Marauder x3, Marine x4  
  160  10:48  Widow Mine x2  
  163  10:50  Medivac  
  163  10:52  Terran Infantry Weapons Level 2  
  162  11:01  Marine x2  
  162  11:02  Command Center, Marine, Refinery  
  162  11:03  Refinery  
  160  11:06  Marauder x3  
  160  11:07  Marine  
  165  11:13  Medivac  
  167  11:19  Marine x2, Widow Mine x2  
  167  11:20  Liberator  
  167  11:25  Marine x2  
  175  11:27  Marauder x3  
  183  11:37  Marine  
  184  11:40  Barracks x2  
  184  11:41  Barracks  
  184  11:42  Marine  
  184  11:43  Fusion Core, Marine, Starport  
  184  11:47  Ghost  
  184  11:48  Ghost x2  
  181  12:01  Marine  
  181  12:06  Marine x2  
  181  12:07  Marine  
  177  12:13  Command Center  
  170  12:17  Marauder x3  
  170  12:18  Widow Mine x2  
  170  12:19  Marine  
  176  12:24  Marine  
  176  12:28  Starport Reactor  
  174  12:32  Marine x2  
  174  12:37  Marine  
  174  12:38  Marauder x3  
  174  12:39  Missile Turret  
  174  12:42  Marine  
  178  12:46  Barracks Tech Lab x3  
  178  12:50  Marine x2  
  180  12:55  Marine  
  181  13:00  Sensor Tower, Marauder x2  
  181  13:01  Marine  
  181  13:02  Marauder  
  171  13:07  Marine x2  
  171  13:09  Medivac  
  171  13:12  Marine x3  
  167  13:13  Marauder  
  167  13:19  Marine  
  164  13:21  Marauder x2  
  164  13:23  Marauder  
  164  13:25  Marine x2  
  168  13:27  Planetary Fortress  
  168  13:30  Marauder, Marine  
  168  13:31  Marauder  
  175  13:34  Marauder  
  175  13:37  Marine  
  175  13:41  Refinery x2  
  176  13:42  Marauder, Marine  
  176  13:43  Marine x2  
  176  13:45  Marauder  
  176  13:48  Marine  
  180  13:51  Missile Turret, Marine x2  
Show
View Real Time Build Order
Export as new Build Order

Couguar Protoss 

Build Orders: 1 Gate Expand, Colossus Rush 

Get SALT Encoding   

  12  0:00  Probe  
  13  0:12  Probe  
  14  0:16  Pylon  
  14  0:24  Probe (Chrono Boost)  
  15  0:36  Gateway, Probe (Chrono Boost)  
  16  0:44  Probe (Chrono Boost)  
  16  0:45  Assimilator  
  17  0:50  Probe  
  18  1:03  Probe (Chrono Boost)  
  20  1:12  Probe (Chrono Boost)  
  20  1:22  Nexus  
  20  1:31  Cybernetics Core  
  20  1:35  Probe  
  20  1:39  Assimilator  
  21  1:47  Probe  
  21  1:51  Pylon  
  22  1:59  Probe  
  23  2:05  Warp Gate (Chrono Boost)  
  23  2:08  Stalker (Chrono Boost)  
  25  2:16  Gateway  
  25  2:19  Probe  
  25  2:29  Shield Battery  
  25  2:34  Stalker  
  27  2:39  Probe  
  27  2:42  Probe  
  29  2:53  Robotics Facility  
  29  2:55  Probe  
  29  2:58  Probe  
  31  3:05  Stalker  
  33  3:07  Probe  
  33  3:10  Probe  
  35  3:14  Sentry  
  35  3:19  Probe  
  38  3:22  Probe  
  38  3:26  Pylon  
  39  3:31  Probe  
  40  3:35  Probe  
  41  3:43  Probe  
  41  3:46  Observer (Chrono Boost)  
  41  3:47  Robotics Bay, Probe  
  44  3:52  Pylon  
  44  3:54  Stalker  
  46  3:56  Probe  
  46  3:59  Probe  
  46  4:02  Warp Prism (Chrono Boost)  
  48  4:08  Probe  
  51  4:11  Probe  
  52  4:20  Probe  
  53  4:24  Gateway  
  53  4:30  Pylon  
  53  4:32  Probe  
  53  4:34  Colossus (Chrono Boost)  
  53  4:38  Probe  
  61  4:45  Probe  
  62  4:50  Stalker  
  64  4:55  Nexus  
  64  5:04  Probe x2  
  58  5:12  Gravitic Drive  
  58  5:16  Forge  
  58  5:20  Probe (Chrono Boost)  
  60  5:22  Probe (Chrono Boost)  
  60  5:23  Twilight Council  
  60  5:33  Probe (Chrono Boost)  
  60  5:35  Gateway  
  62  5:37  Probe (Chrono Boost)  
  62  5:38  Probe (Chrono Boost)  
  62  5:41  Pylon  
  63  5:49  Photon Cannon  
  53  5:53  Probe  
  53  5:54  Probe, Stalker  
  57  5:57  Zealot x2  
  55  6:09  Warp Prism  
  55  6:10  Probe x2 (Chrono Boost)  
  60  6:11  Probe (Chrono Boost)  
  60  6:13  Photon Cannon, Charge (Chrono Boost)  
  54  6:22  Probe (Chrono Boost)  
  46  6:28  Probe (Chrono Boost)  
  46  6:29  Probe (Chrono Boost)  
  46  6:31  Probe (Chrono Boost)  
  47  6:35  Probe x2 (Chrono Boost)  
  48  6:40  Probe  
  48  6:47  Probe x2  
  50  6:52  Zealot, Probe  
  50  6:53  Zealot  
  56  6:59  Probe x2 (Chrono Boost)  
  56  7:00  Zealot  
  57  7:04  Probe (Chrono Boost)  
  57  7:06  Observer  
  59  7:11  Probe x2 (Chrono Boost)  
  62  7:16  Probe (Chrono Boost)  
  62  7:19  Probe (Chrono Boost)  
  62  7:20  Zealot x2, Probe (Chrono Boost)  
  62  7:21  Zealot x2, Probe (Chrono Boost)  
  72  7:25  Probe x2  
  74  7:33  Probe (Chrono Boost)  
  74  7:36  Gateway  
  75  7:38  Probe (Chrono Boost)  
  75  7:42  Zealot  
  75  7:43  Zealot, Probe (Chrono Boost)  
  82  7:45  Sentry  
  82  7:47  Probe (Chrono Boost)  
  82  7:48  Protoss Ground Weapons Level 1, Probe (Chrono Boost)  
  82  7:51  Probe (Chrono Boost)  
  86  7:52  Pylon, Probe (Chrono Boost)  
  87  7:58  Blink (Chrono Boost)  
  87  8:04  Pylon  
  87  8:06  Zealot x2  
  87  8:07  Probe x2  
  87  8:08  Probe  
  89  8:19  Probe x2  
  91  8:21  Observer  
  91  8:27  Gateway  
  91  8:29  Gateway  
  91  8:31  Zealot x2, Probe  
  91  8:32  Zealot x3  
  91  8:33  Probe  
  103  8:36  Extended Thermal Lance  
  103  8:45  Gateway  
  103  8:50  Probe x2 (Chrono Boost)  
  103  8:52  Pylon  
  103  8:54  Assimilator  
  105  8:55  Pylon  
  105  8:56  Probe (Chrono Boost)  
  105  9:00  Probe (Chrono Boost)  
  105  9:01  Photon Cannon  
  107  9:03  Probe (Chrono Boost)  
  107  9:04  Probe (Chrono Boost)  
  108  9:10  Colossus (Chrono Boost)  
  108  9:11  Stalker  
  108  9:13  Pylon  
  108  9:16  Pylon  
  116  9:21  Stalker  
  116  9:22  Stalker  
  120  9:30  Shield Battery  
  118  9:37  Zealot x5  
  120  9:45  Protoss Ground Weapons Level 2, Probe  
  118  9:46  Assimilator  
  118  9:50  Zealot x2  
  118  9:51  Gateway, Zealot  
  118  9:52  Observer  
  125  9:56  Observer (Chrono Boost)  
  125  9:58  Probe  
  127  10:02  Probe  
  127  10:06  Assimilator  
  128  10:08  Assimilator  
  128  10:10  Probe  
  128  10:11  Zealot x4  
  128  10:12  Zealot  
  139  10:23  Pylon  
  139  10:27  Pylon  
  139  10:28  Pylon  
  139  10:29  Colossus (Chrono Boost)  
  119  10:36  Zealot x3  
  119  10:39  Zealot  
  111  10:44  Zealot x2  
  111  10:45  Zealot  
  111  10:48  Observer  
  107  10:55  Zealot x2  
  98  11:03  Zealot x4  
  98  11:12  Zealot  
  98  11:15  Colossus  
  106  11:19  Sentry x2  
  106  11:22  Probe  
  111  11:28  Shield Battery, Probe  
  111  11:29  Probe  
  113  11:34  Nexus  
  112  11:49  Zealot x2  
  112  11:50  Zealot x5  
  118  12:01  Stalker x2  
  94  12:10  Observer  
  94  12:15  Stalker x3  
  88  12:16  Stalker  
  88  12:19  Zealot x2  
  88  12:21  Probe  
  93  12:23  Probe  
  94  12:33  Templar Archives, Probe  
  94  12:36  Photon Cannon  
  95  12:37  Shield Battery  
  95  12:47  Colossus  
  95  12:49  Probe  
  95  12:50  Sentry  
  104  12:51  Sentry  
  104  12:56  Zealot x2  
  110  13:00  Zealot x2  
  100  13:06  Zealot x2  
  100  13:12  Zealot  
  84  13:13  Probe x3  
  84  13:16  Zealot  
  84  13:19  Stalker  
  85  13:24  High Templar x2  
  85  13:25  High Templar  
  92  13:27  Probe (Chrono Boost)  
  92  13:28  Stalker  
  92  13:32  High Templar, Archon  
  95  13:35  Probe (Chrono Boost)  
  95  13:36  Probe (Chrono Boost)  
  95  13:37  Archon  
  95  13:39  Probe (Chrono Boost)  
  97  13:43  Probe (Chrono Boost)  
  97  13:45  Probe (Chrono Boost)  
  100  13:49  Probe (Chrono Boost)  
  100  13:51  Probe (Chrono Boost)  
  100  13:55  Zealot x2, Probe (Chrono Boost)  
  102  13:59  Zealot x2, Probe (Chrono Boost)  
Tags
 
Add a new tag
Caveats
  • Supply blocks, unpowered buildings, or Contaminate may cause inaccurate times.
  • Supply counts are checked every 10 seconds.